 Dungeon Crawl Stone Soup version 0.31-a0-1001-g770356a28f (webtiles) character file.

Game seed: 14427449103720434618

73647 Gargoyl the Severer (level 15, -7/133 HPs)
             Began as a Gargoyle Berserker on Nov 8, 2023.
             Was an Elder of Trog.
             Mangled by an orc knight
             ... wielding a +1 bardiche of flaming
              (28 damage)
             ... on level 2 of the Orcish Mines.
             The game lasted 00:29:18 (17709 turns).

Gargoyl the Severer (Gargoyle Berserker)           Turns: 17709, Time: 00:29:18

Health: -7/133     AC: 50    Str: 28    XL:     15   Next: 44%
Magic:  12/12      EV:  7    Int:  9    God:    Trog [****..]
Gold:   1089       SH:  0    Dex: 18    Spells: 14/14 levels left

rFire   . . .        G - +5 Lochaber axe {reach-cleave, Poleaxe Drain}
rCold   . . .        (shield currently unavailable)
rNeg    + . .        c - +8 orange crystal plate armour {Archmagi, Int+3 Clar}
rPois   ∞            h - +2 helmet
rElec   +            m - +1 cloak
rCorr   +            l - +2 pair of gloves {Str+3}
SInv    .            (no boots)
Will    +++..        (no amulet) Stlth
                     b - ring of resist corrosion
HPRegen 1.42/turn    y - +6 ring of dexterity
MPRegen 0.13/turn

%: clarity, archmagi
@: berserking, strong-willed, flying, regenerating, studying Unarmed Combat,
very quick
A: sickness immunity, AC +11, big wings, negative energy resistance 1,
electricity resistance, torment resistance 1, petrification resistance, claws 1,
strong 1, [clumsy 1], [dopey 1], [frail 1], [low MP 2], [teleportitis 2],
subdued magic 1[+1], [inability to read after injury 1]
a: Renounce Religion, Berserk, Trog's Hand, Brothers in Arms


You were on level 2 of the Orcish Mines.
You worshipped Trog.
Trog was greatly pleased with you.
You visited 2 branches of the dungeon, and saw 17 of its levels.
You visited the Abyss 1 time.
You also visited: Bailey.

You collected 2272 gold pieces.
You spent 1183 gold pieces at shops.

Inventory:

Hand Weapons
 j - a +1 war axe of electrocution
 C - a +1 whip of electrocution
 G - the +5 Lochaber axe (weapon) {reach-cleave, Poleaxe Drain}
   (You bought it in a shop on level 15 of the Dungeon)

   Poleaxe:   It uses either Axes or Polearms skill, whichever is higher.
   Drain:     It drains your maximum health when unequipped.
 J - a +2 hand axe of electrocution
Armour
 c - the +8 orange crystal plate armour (worn) {Archmagi, Int+3 Clar}
   (You acquired it on level 1 of the Dungeon)

   Int+3:     It affects your intelligence (+3).
   Clar:      It protects you from confusion, rage, mesmerisation and fear.
 e - a +1 kite shield
 h - a +2 helmet (worn)
 l - a +2 pair of gloves of strength (worn)
 m - a +1 cloak (worn)
Jewellery
 b - a ring of resist corrosion (left hand)
 y - a +6 ring of dexterity (right hand)
Wands
 g - a wand of acid (5)
 i - a wand of flame (23)
 t - a wand of roots (20)
 v - a wand of paralysis (15)
Scrolls
 f - 2 scrolls of vulnerability
 k - 6 scrolls of immolation
 o - 2 scrolls of poison
 p - a scroll of fear
 r - 5 scrolls of teleportation
 s - 3 scrolls of fog
 H - a scroll of butterflies
 I - a scroll of identify
Potions
 d - 4 potions of magic
 n - 2 potions of enlightenment
 q - a potion of berserk rage
 u - 8 potions of curing
 w - 2 potions of heal wounds
 x - a potion of ambrosia
 z - 3 potions of haste
 A - 5 potions of invisibility
 B - 6 potions of might
 D - 3 potions of resistance
 E - 2 potions of experience
 F - a potion of attraction {unknown}
 K - a potion of lignification {unknown}


   Skills:
 + Level 13.3 Fighting
 + Level 16.5 Axes
 + Level 2.0(11.9) Maces & Flails
 + Level 11.9 Armour
 + Level 1.7 Dodging
 + Level 1.4 Stealth
 + Level 13.8 Shields
 + Level 1.4 Evocations


You had 14 spell levels left.
You didn't know any spells.
Your spell library was empty.

Dungeon Overview and Level Annotations

Branches:
Dungeon (15/15)            Temple (0/1) D:4            Lair (0/5) D:10
    Orc (2/2) D:12            Elf (0/3) Orc:2        Vaults (0/5) D:14
 Depths (0/4) D:15         Bailey (visited)

Altars:
Ashenzari
Cheibriados
Elyvilon
Fedhas
Gozag
Kikubaaqudgha
Okawaru
Trog
Uskayaw
Wu Jian
Jiyva

Shops:
D:3 (   D:5 *   D:8 ?   D:9 !**:   D:13 ?   D:15 (


Innate Abilities, Weirdness & Mutations

You are immune to sickness and miasma.
Your stone body is resilient. (AC +11)
You are immune to poison.
Your large and strong wings let you fly.
You resist negative energy. (rN+)
You are resistant to electric shocks. (rElec)
You are resistant to unholy torment.
You are immune to petrification.
You have sharp fingernails.
Your muscles are strong. (Str +4, Int/Dex -1)
[You are clumsy. (Dex -2)]
[You are dopey. (Int -2)]
[You are frail. (-10% HP)]
[Your magical capacity is very low. (-20% MP)]
[You are often teleported next to monsters.]
[Your spells are easier to cast, but less powerful.]
[You occasionally lose the ability to read scrolls when taking damage.]


Message History

Unknown command.
Reach: G) +5 Lochaber axe {reach-cleave, Poleaxe Drain}
Press: ? - help, Dir - move target, f/p - orc knight
Aim: an orc knight, wielding a +0 great sword and wearing a +0 chain mail (almost dead, strong, about 32% to evade the +5 Lochaber axe)
You closely miss the orc knight.
The orc knight is almost dead.
You closely miss the orc knight.
The orc knight no longer looks unusually strong.
The orc knight hits you but does no damage.
The orc knight hits you from afar with a +1 bardiche of flaming!
The orc knight burns you!
* * * LOW HITPOINT WARNING * * *
The orc knight roars a battlecry!
The orc knight goes into a battle-frenzy!
Your skin crawls.
You feel strong-willed.
The orc knight hits you but does no damage. x2
Unknown command.
Reach: G) +5 Lochaber axe {reach-cleave, Poleaxe Drain}
Press: ? - help, Dir - move target, f/p - orc knight
Aim: an orc knight, wielding a +0 great sword and wearing a +0 chain mail (almost dead, about 32% to evade the +5 Lochaber axe)
You slice the orc knight!!
You kill the orc knight!
Trog accepts your kill.
You barely miss the orc knight. You slice the orc knight!!
The orc knight barely misses you.
The orc knight hits you but does no damage.
The orc knight hits you with a +0 dire flail!!
* * * LOW HITPOINT WARNING * * *
Things that are here:
a +0 great sword; a +0 arbalest; a +0 chain mail Unknown command.
A red film seems to cover your vision as you go berserk!
You feel yourself moving faster!
You feel mighty! The orc knight completely misses you.
The orc knight closely misses you.
You barely miss the orc knight.
The orc knight is moderately wounded.
You slash the orc knight! You hit the orc warrior.
The orc knight hits you with a +1 bardiche of flaming!!
You die...

#.......###....####...........##
##.......###.#..# #.[.#...#...#
#.......##.#...# ##.........##
##.##...#......# #..#...#..#
#..............# ##.......##
##............)^#######[..######
#.........))....#......[)[......
##........).....#......)[.......
#^...........o@o...)[).........
##...#.........o..<[.[.........
##.##...........[.[)).........
#...............)[)...........
##.##.........................
####.........................
##......#........###.........
#......#..........###......#.
##.........#.....## #.......#


You could see 2 orc knights and an orc warrior (strong).

Vanquished Creatures
  Jorgrun (Orc:1)
  An Executioner (Abyss:1)
  2 tentacled starspawn (Abyss:1)
  An ironbound preserver (D:14)
  An orc warlord (Orc:1)
  Nessos (D:14)
  An ettin (Orc:2)
  Snorg (D:10)
  A fire dragon (shapeshifter) (D:14)
  A great orb of eyes (D:15)
  Erolcha (Orc:1)
  A rakshasa (D:15)
  A hydra (D:15)
  A boulder beetle (D:12)
  An ogre mage (D:15)
  4 centaur warriors
  The ghost of SkaryMonk the Covered, a novice AtWr of Hepliaklqana (D:10)
  4 tengu warriors
  9 two-headed ogres
  2 occultists
  3 wretched stars (Abyss:1)
  An orc high priest (Orc:2)
  A glowing orange brain (Abyss:1)
  A deep elf pyromancer (D:12)
  3 orc knights (Orc:2)
  2 orc sorcerers
  5 cyclopes
  24 ugly things
  An elephant (shapeshifter) (D:15)
  3 manticores
  The ghost of Pixllover the Chopper, a novice HOMo of Jiyva (D:4)
  2 smoke demons (Abyss:1)
  3 starcursed masses (Abyss:1)
  3 gargoyles
  2 freezing wraiths (D:14)
  A komodo dragon (D:10)
  A kobold demonologist (D:14)
  An unseen horror (D:12)
  2 ice devils (Orc:1)
  2 yaktaurs
  3 tengu conjurers
  2 ancient zymes (Abyss:1)
  4 trolls
  2 hornets
  4 raiju (Abyss:1)
  Sigmund (D:6)
  21 slime creatures
  A ynoxinul (Abyss:1)
  3 shadows
  A jumping spider (shapeshifter) (D:15)
  21 yaks
  Eustachio (D:5)
  3 wraiths
  3 wyverns
  2 basilisks
  2 golden eyes (Abyss:1)
  14 vampire mosquitoes
  A steam dragon (D:7)
  4 wargs (Orc:1)
  2 acid dragons
  7 water moccasins
  3 small abominations (Abyss:1)
  2 black bears
  34 orc warriors
  A sky beast (D:6)
  10 ogres
  6 centaurs
  2 phantoms (D:6)
  3 bullfrogs
  A kobold brigand (D:7)
  4 gnoll sergeants
  3 scorpions
  5 killer bees (D:10)
  An electric eel (D:12)
  6 howler monkeys
  3 hounds
  6 jellies
  A quasit (Abyss:1)
  23 orc priests
  2 gnoll boudas
  3 iguanas
  18 orc wizards
  A sleepcap (D:5)
  40 gnolls
  5 adders
  A shadow imp (D:6)
  2 white imps
  4 ufetubi
  A worm (D:3)
  A dart slug (D:3)
  102 orcs
  7 ball pythons
  4 endoplasms
  A giant cockroach (D:2)
  12 goblins
  6 hobgoblins
  13 jackals
  3 quokkas
  2 bats
  A frilled lizard (D:1)
  5 kobolds
  2 rats
  3 starspawn tentacles (Abyss:1)
553 creatures vanquished.

Vanquished Creatures (collateral kills)
  Roxanne (D:14)
  A juggernaut simulacrum (Abyss:1)
  A boulder beetle (D:12)
  2 slime creatures
  An orc warrior (D:12)
  An orc priest (D:12)
  2 orcs (D:12)
  A starspawn tentacle (Abyss:1)
10 creatures vanquished.

Vanquished Creatures (others)
  2 starspawn tentacles (Abyss:1)
2 creatures vanquished.

Grand Total: 565 creatures vanquished

Notes
Turn   | Place    | Note
-------+----------+-------------------------------------------
     0 | D:1      | Gargoyl the Gargoyle Berserker began the quest for the Orb.
     0 | D:1      | Reached XP level 1. HP: 14/14 MP: 1/1
    18 | D:1      | Identified a scroll of acquirement
    18 | D:1      | Acquired the +8 orange crystal plate armour {Archmagi,
                  | Int+3 Clar}
    18 | D:1      | Found the +8 orange crystal plate armour {Archmagi, Int+3
                  | Clar}
   164 | D:1      | Reached skill level 3 in Axes
   164 | D:1      | Reached XP level 2. HP: 5/19 MP: 2/2
   555 | D:1      | Reached XP level 3. HP: 24/24 MP: 3/3
  1037 | D:2      | Reached ** piety under Trog
  1107 | D:2      | HP: 1/36 [gnoll/+0 spear (5)]
  1272 | D:2      | Reached XP level 4. HP: 29/29 MP: 4/4
  1352 | D:2      | Reached skill level 4 in Axes
  1481 | D:2      | Found a faded altar of an unknown god.
  1723 | D:3      | Reached XP level 5. HP: 33/33 MP: 5/5
  1924 | D:3      | Reached XP level 6. HP: 39/39 MP: 6/6
  2060 | D:3      | Found Tiudaffu's Weapon Boutique.
  2320 | D:4      | Found a staircase to the Ecumenical Temple.
  2390 | D:4      | Found a runed translucent door.
  2390 | D:4      | Noticed Pixllover's ghost (novice HOMo)
  2561 | D:4      | Reached *** piety under Trog
  2597 | D:4      | Found an ornate altar of the Wu Jian Council.
  3098 | D:4      | Killed Pixllover's ghost
  3099 | D:4      | Reached skill level 5 in Fighting
  3099 | D:4      | Reached skill level 5 in Axes
  3099 | D:4      | Reached skill level 1 in Shields
  3099 | D:4      | Reached XP level 7. HP: 35/44 MP: 7/7
  3157 | D:5      | Entered Level 5 of the Dungeon
  3215 | D:5      | HP: 1/44 [orc priest/divine providence (11)]
  3341 | D:5      | Reached skill level 6 in Axes
  3364 | D:5      | Reached XP level 8. HP: 50/50 MP: 8/8
  3367 | D:5      | Reached skill level 5 in Armour
  3513 | D:5      | Found Sitsa's CLEARANCE SALE!.
  3671 | D:5      | Found a hide-covered altar of Uskayaw.
  3704 | D:5      | Noticed Eustachio
  3728 | D:5      | Killed Eustachio
  3770 | D:5      | Reached skill level 7 in Axes
  4006 | D:5      | Bought a scroll of enchant armour for 37 gold pieces
  4198 | D:6      | Noticed Sigmund
  4214 | D:6      | Killed Sigmund
  4215 | D:6      | Reached XP level 9. HP: 55/55 MP: 9/9
  4325 | D:6      | Found a blossoming altar of Fedhas.
  4448 | D:6      | Reached skill level 8 in Axes
  4983 | D:7      | Found an iron altar of Okawaru.
  5059 | D:7      | Reached skill level 5 in Shields
  5445 | D:7      | Reached skill level 9 in Axes
  5528 | D:7      | Found a flagged portal.
  5543 | Bailey   | Entered a bailey
  5666 | Bailey   | Reached XP level 10. HP: 63/63 MP: 10/10
  5848 | Bailey   | Gained mutation: Your body sometimes deteriorates upon
                  | taking damage. [potion of mutation]
  5848 | Bailey   | Gained mutation: Your body often deteriorates upon taking
                  | damage. [potion of mutation]
  5848 | Bailey   | Gained mutation: You have a pair of small horns on your
                  | head. [potion of mutation]
  5849 | Bailey   | Lost mutation: You have a pair of small horns on your head.
                  | [potion of mutation]
  5849 | Bailey   | Lost mutation: Your body often deteriorates upon taking
                  | damage. [potion of mutation]
  5849 | Bailey   | Gained mutation: [Your spells are a little easier to cast,
                  | but a little less powerful.] [potion of mutation]
  5849 | Bailey   | Gained mutation: You are partially covered in iridescent
                  | scales. (AC +2) [potion of mutation]
  5849 | Bailey   | Gained mutation: You sometimes lose your temper in combat.
                  | [potion of mutation]
  5849 | Bailey   | Gained mutation: Your flesh is cold resistant. (rC+)
                  | [potion of mutation]
  5850 | Bailey   | Lost mutation: You are partially covered in iridescent
                  | scales. (AC +2) [potion of mutation]
  5850 | Bailey   | Lost mutation: Your flesh is cold resistant. (rC+) [potion
                  | of mutation]
  5850 | Bailey   | Lost mutation: Your body sometimes deteriorates upon taking
                  | damage. [potion of mutation]
  5850 | Bailey   | Gained mutation: You have sharp fingernails. [potion of
                  | mutation]
  5850 | Bailey   | Gained mutation: Your mind is acute. (Int +4, Str/Dex -1)
                  | [potion of mutation]
  5850 | Bailey   | Gained mutation: [You are occasionally teleported next to
                  | monsters.] [potion of mutation]
  5851 | Bailey   | Lost mutation: You sometimes lose your temper in combat.
                  | [potion of mutation]
  5851 | Bailey   | Lost mutation: [You are occasionally teleported next to
                  | monsters.] [potion of mutation]
  5851 | Bailey   | Lost mutation: Your mind is acute. (Int +4, Str/Dex -1)
                  | [potion of mutation]
  5851 | Bailey   | Gained mutation: Your muscles are strong. (Str +4, Int/Dex
                  | -1) [potion of mutation]
  6078 | D:7      | Found a snail-covered altar of Cheibriados.
  6143 | D:7      | Noticed a cyclops
  6154 | D:7      | Killed a cyclops
  6451 | D:8      | Noticed a two-headed ogre
  6469 | D:8      | Killed a two-headed ogre
  6800 | D:8      | Found Neloes's Magic Scroll Boutique.
  6800 | D:8      | Noticed a two-headed ogre
  6827 | D:8      | Reached skill level 10 in Axes
  7192 | D:8      | Noticed a two-headed ogre
  7202 | D:8      | Killed a two-headed ogre
  7762 | D:8      | Killed a two-headed ogre
  7763 | D:8      | Reached XP level 11. HP: 68/68 MP: 11/11
  7911 | D:8      | Bought a scroll of teleportation for 30 gold pieces
  7911 | D:8      | Bought a scroll of teleportation for 30 gold pieces
  7911 | D:8      | Bought 2 scrolls of enchant armour for 150 gold pieces
  7911 | D:8      | Bought a scroll of butterflies for 40 gold pieces
  8146 | D:9      | Found Ifak's Assorted Antiques.
  8155 | D:9      | Bought a pink potion for 27 gold pieces
  8155 | D:9      | Bought a scroll labelled LAIGONKUHEU for 30 gold pieces
  8187 | D:9      | Found Byuged's General Store.
  8223 | D:9      | Reached skill level 11 in Axes
  8283 | D:9      | Reached **** piety under Trog
  8483 | D:9      | Found Heidet's Book Emporium.
  8546 | D:9      | Found a bloodstained altar of Trog.
  8546 | D:9      | Found a broken altar of Ashenzari.
  8703 | D:9      | Found Ynoodd's Distillery.
  8708 | D:9      | Bought a potion of heal wounds for 70 gold pieces
  8708 | D:9      | Bought a potion of heal wounds for 70 gold pieces
  8708 | D:9      | Bought a potion of might for 56 gold pieces
  8708 | D:9      | Bought 2 potions of might for 112 gold pieces
  8827 | D:10     | Entered Level 10 of the Dungeon
  8851 | D:10     | Noticed Snorg
  8859 | D:10     | Killed Snorg
  9009 | D:10     | Found a staircase to the Lair.
  9320 | D:10     | Found an ancient bone altar of Kikubaaqudgha.
  9320 | D:10     | Found a white marble altar of Elyvilon.
  9514 | D:10     | Reached skill level 12 in Axes
  9809 | D:10     | Found an opulent altar of Gozag.
  9914 | D:10     | Found a runed translucent gate.
  9914 | D:10     | Found a runed translucent gate.
  9915 | D:10     | Found a runed translucent gate.
  9918 | D:10     | Noticed SkaryMonk's ghost (novice AtWr)
 10000 | D:10     | Found a viscous altar of Jiyva.
 10006 | D:10     | Killed SkaryMonk's ghost
 10007 | D:10     | Reached XP level 12. HP: 76/76 MP: 12/12
 10143 | D:11     | Noticed a two-headed ogre
 10153 | D:11     | Killed a two-headed ogre
 10341 | D:11     | Reached skill level 10 in Shields
 10526 | D:11     | Noticed a two-headed ogre
 10536 | D:11     | Killed a two-headed ogre
 10754 | D:12     | Reached skill level 13 in Axes
 10947 | D:12     | Noticed a boulder beetle
 10971 | D:12     | Killed a boulder beetle
 10973 | D:12     | Reached skill level 10 in Fighting
 10983 | D:12     | Noticed a boulder beetle
 11038 | D:12     | Found a staircase to the Orcish Mines.
 11290 | D:12     | Noticed a centaur warrior
 11304 | D:12     | Killed a centaur warrior
 11305 | D:12     | Reached skill level 10 in Armour
 11305 | D:12     | Reached XP level 13. HP: 63/82 MP: 13/13
 11481 | D:12     | Reached skill level 1 in Evocations
 12027 | D:13     | Found Forphakh's Magic Scroll Shop.
 12212 | D:13     | Found a white marble altar of Elyvilon.
 12269 | D:13     | Reached skill level 14 in Axes
 12838 | D:14     | Noticed Nessos
 12849 | D:14     | Killed Nessos
 12971 | D:14     | Noticed Roxanne
 12988 | D:14     | Killed Roxanne
 12989 | D:14     | Reached skill level 1 in Stealth
 13239 | D:14     | Noticed a spark wasp
 13242 | D:14     | Noticed an ironbound preserver
 13386 | D:14     | Noticed a fire dragon
 13398 | D:14     | Killed a fire dragon
 13499 | D:14     | Gained mutation: Your large and strong wings let you fly.
                  | [Gargoyle growth]
 13499 | D:14     | Reached XP level 14. HP: 90/90 MP: 14/14
 13505 | D:14     | Found a gate to the Vaults.
 13644 | D:14     | Killed an ironbound preserver
 13645 | D:14     | Reached skill level 15 in Axes
 14017 | D:15     | Entered Level 15 of the Dungeon
 14017 | D:15     | Found the +6 arbalest "Damnation" {damnation}
 14173 | D:15     | Found an iron altar of Okawaru.
 14419 | D:15     | Reached skill level 1 in Maces & Flails
 14451 | D:15     | Found Xiev's Weapon Boutique.
 14519 | D:15     | Bought the +5 Lochaber axe {reach-cleave, Poleaxe Drain}
                  | for 531 gold pieces
 14519 | D:15     | Found the +5 Lochaber axe {reach-cleave, Poleaxe Drain}
 14856 | D:15     | Found a staircase to the Depths.
 15206 | Orc:1    | Entered Level 1 of the Orcish Mines
 15380 | Orc:2    | Entered Level 2 of the Orcish Mines
 15396 | Orc:2    | Reached ***** piety under Trog
 16103 | Orc:1    | Reached skill level 16 in Axes
 16115 | Orc:1    | Noticed Jorgrun
 16132 | Orc:1    | Killed Jorgrun
 16224 | Orc:2    | Found a staircase to the Elven Halls.
 16348 | Orc:1    | Noticed an orc warlord
 16365 | Orc:1    | Killed an orc warlord
 16366 | Orc:1    | Reached XP level 15. HP: 68/97 MP: 5/15
 16578 | Orc:1    | Noticed Erolcha
 16590 | Abyss:1  | Cast into level 1 of the Abyss (Erolcha)
 16691 | Abyss:1  | Noticed a tentacled starspawn
 16704 | Abyss:1  | Killed a tentacled starspawn
 16790 | Abyss:1  | Noticed an Executioner
 16801 | Abyss:1  | Killed an Executioner
 16852 | Abyss:1  | Noticed a tentacled starspawn
 16862 | Abyss:1  | Killed a tentacled starspawn
 16933 | Orc:1    | Escaped the Abyss
 16935 | Orc:1    | Killed Erolcha
 17709 | Orc:2    | Mangled by an orc knight

Illustrated notes

Levels and vault maps discovered:
D:1:      lemuel_arrival_tunnels, layout_loops_ring
D:2:      cheibrodos_pilgrimage, layout_rooms,
          shapermc_ecumenical_altar_notcrosses, hangedman_abyss_or_decor_stabs,
          cheibrodos_gnoll_hut
D:3:      layout_rooms, serial_shops, shop, st_stairs_7
D:4:      layout_basic, nicolae_wu_jian_immortal_techniques,
          minmay_temple_entry_slanted, ebering_ghost_inner_flame
D:5:      layout_rooms, nicolae_uskayaw_suspiria, nicolae_shop_clearance,
          uniq_eustachio
D:6:      layout_basic, mainiacjoe_overflow_paths,
          chequers_serial_rivers_small_a, uniq_sigmund
D:7:      layout_basic, kennysheep_mini, general_overflow_altar, enter_bailey_5,
          minmay_shattered_shrine
D:8:      layout_layer_cave, serial_shops, nicolae_inconvenience_store
D:9:      layout_irregular_city, mainiacjoe_overflow_divided_tiny, serial_shops,
          nicolae_shop_statue_plus, shop, nicolae_shop_pleasant_corner_grove,
          nicolae_shop_tiny_waterfront
D:10:     layout_loops_corners, kennysheep_little_box,
          gammafunk_temple_overflow_elements, minmay_lair_entry_grove,
          gammafunk_ghost_ooze, uniq_snorg
D:11:     layout_rooms
D:12:     layout_loops_ring, erik_orc_2, kb_rosetta
D:13:     layout_basic, serial_shops, nicolae_shop_hallway_plus,
          elyvilon_altar_5
D:14:     layout_loops_ring, skrybe_vaults_entry_preservation, kennysheep_nub,
          uniq_roxanne, uniq_nessos
D:15:     gammafunk_enter_depths_forms, layout_loops_ring, serial_shops,
          nicolae_diamond_shop, kennysheep_okawaru_gauntlet
Orc:1:    layout_caves, portal_ice_cave_demonic_guard, uniq_jorgrun,
          uniq_erolcha
Orc:2:    st_orc_pillars, layout_caves, basic_altar

Skill      XL: |  1  2  3  4  5  6  7  8  9 10 11 12 13 14 15 |
---------------+----------------------------------------------+-----
Axes           | 3 4 5 6 7 9 10 12 13 14 16 | 16.5
Fighting       | 4 5 6 7 9 10 11 12 13 | 13.3
Armour         | 3 4 6 7 9 10 11 | 11.9
Shields        | 1 4 6 8 9 10 12 13 | 13.8
Evocations     | 1 |  1.4
Stealth        | 1 |  1.4
Maces & Flails | 2 |  2.0
Dodging        | |  1.7

Action                     |  1- 3 |  4- 6 |  7- 9 | 10-12 | 13-15 || total
---------------------------+-------+-------+-------+-------+-------++-------
  Melee: Hand axe          |   126 |   160 |   329 |    63 |       ||   678
         Punch             |     1 |     2 |       |       |       ||     3
         War axe           |       |       |       |   525 |   777 ||  1302
         Whip              |       |       |       |       |    11 ||    11
         Lochaber axe      |       |       |       |       |    16 ||    16
 Invoke: Berserk           |     2 |     4 |     8 |    13 |    19 ||    46
         Trog's Hand       |       |     4 |     3 |    10 |    17 ||    34
         Brothers in Arms  |       |       |       |     3 |     4 ||     7
  Evoke: Wand              |       |       |       |     8 |       ||     8
    Use: Scroll            |     3 |     5 |     7 |    11 |    12 ||    38
         Potion            |       |       |     2 |     4 |     4 ||    10
   Stab: Distracted        |       |       |       |       |     2 ||     2
 Armour: Crystal plate arm |   160 |   189 |   292 |   463 |   659 ||  1763
  Dodge: Dodged            |    18 |    12 |    49 |    82 |   160 ||   321
  Block: Kite shield       |       |    27 |   177 |   354 |   501 ||  1059

Table legend: (Time is in decaauts)
 A = Elapsed time spent in this place.
 B = Non-inter-level travel time spent in this place.
 C = Inter-level travel time spent in this place.
 D = Time resting spent in this place.
 E = Time spent auto-exploring this place.
 F = Levels seen in this place.
 G = Mean time per level.
                   A        B        C        D        E       F      G
               +--------+--------+--------+--------+--------+-----+--------+
         Total |  18015 |  17317 |    698 |   1371 |  11413 |  19 |  948.2 |
       Dungeon |  15079 |  14381 |    698 |    725 |  10123 |  15 | 1005.3 |
  Orcish Mines |   2155 |   2155 |      0 |    561 |   1040 |   2 | 1077.5 |
         Abyss |    345 |    345 |      0 |     30 |     82 |   1 |  345.0 |
        Bailey |    435 |    435 |      0 |     54 |    167 |   1 |  435.0 |
               +--------+--------+--------+--------+--------+-----+--------+

Top non-repeatable levels by time:
     D:8: 1679 daAuts
    D:10: 1299 daAuts
   Orc:2: 1287 daAuts
    D:14: 1282 daAuts
    D:12: 1275 daAuts
     D:7: 1083 daAuts
    D:15: 1007 daAuts
     D:1: 975 daAuts
     D:5: 966 daAuts
    D:13: 934 daAuts
     D:4: 926 daAuts
     D:6: 878 daAuts
   Orc:1: 867 daAuts
     D:9: 781 daAuts
     D:2: 759 daAuts
